 Dungeon Crawl Stone Soup version 0.29.0-11-gd7f09526c8 (webtiles) character file.

Game seed: 9571048080779725141

1614 sanka the Martial Artist (level 8, -2/63 HPs)
             Began as a Merfolk Monk on Sept 3, 2022.
             Slain by an orc warrior
             ... wielding a +0 broad axe
              (16 damage)
             ... on level 6 of the Dungeon.
             The game lasted 00:08:29 (8094 turns).

sanka the Martial Artist (Merfolk Monk)             Turns: 8094, Time: 00:08:30

Health: -2/63      AC:  4    Str: 17    XL:     8   Next: 95%
Magic:  8/8        EV: 19    Int: 11    God:
Gold:   199        SH:  0    Dex: 17    Spells: 7/7 levels left

rFire   . . .      SeeInvis .     - Unarmed
rCold   . . .      Faith    .   (no shield)
rNeg    . . .      Spirit   .   a - +0 robe
rPois   .          Reflect  .   (no helmet)
rElec   .          Harm     .   (no cloak)
rCorr   .          Rampage  .   G - +0 pair of gloves
Will    .....                   B - +0 pair of boots
Stlth   +.........              v - amulet of magic regeneration
HPRegen 0.20/turn               c - +6 ring of strength
MPRegen 0.51/turn               p - +4 ring of evasion

@: confused, ambrosia-drunk
A: (nimble swimmer 2), mertail
a: no special abilities


You were on level 6 of the Dungeon.
You visited 2 branches of the dungeon, and saw 7 of its levels.

You collected 199 gold pieces.


Innate Abilities, Weirdness & Mutations

((You are very nimble when in or above water. (Stealth+, EV+, Speed+++)))
Your lower body shifts to a powerful aquatic tail in water.


   Skills:
 + Level 5.4 Fighting
 + Level 6.5 Dodging
 - Level 2.1 Stealth
 + Level 10.8 Unarmed Combat


You had 7 spell levels left.
You didn't know any spells.
Your spell library was empty.

Inventory:

Armour
 a - a +0 robe (worn)
 B - a +0 pair of boots (worn)
 G - a +0 pair of gloves (worn)
Magical Staves
 l - a staff of earth
Jewellery
 c - a +6 ring of strength (left hand)
 m - a ring of protection from fire
 p - a +4 ring of evasion (right hand)
 v - an amulet of magic regeneration (around neck)
 x - a ring of ice
 E - a ring of magical power
Wands
 A - a wand of flame (16)
 D - a wand of charming (13)
 F - a wand of roots (9)
Scrolls
 g - 5 scrolls of identify {unknown}
 h - a scroll of immolation {unknown}
 j - a scroll of amnesia {unknown}
 k - a scroll of vulnerability {unknown}
 s - 2 scrolls of teleportation {unknown}
 t - 2 scrolls of butterflies {unknown}
 u - a scroll of poison {unknown}
 y - 2 scrolls of noise {unknown}
 C - a scroll of fear {unknown}
Potions
 b - a potion of ambrosia
 d - 3 potions of resistance {unknown}
 e - 4 potions of mutation {unknown}
 f - 3 potions of lignification {unknown}
 i - 2 potions of flight {unknown}
 n - a potion of magic {unknown}
 o - 2 potions of haste {unknown}
 q - a potion of curing {unknown}
 r - 2 potions of cancellation {unknown}
 w - a potion of might {unknown}
 z - a potion of degeneration {unknown}

Dungeon Overview and Level Annotations

Branches:
Dungeon (6/15)             Temple (1/1) D:5

Altars:
Ashenzari
Cheibriados
Dithmenos
Elyvilon
Fedhas
Gozag
Kikubaaqudgha
Nemelex Xobeh
Qazlal
Ru
Sif Muna
Trog
Uskayaw
Vehumet
Xom
Yredelemnul
Zin

Shops:
D:4

* ▒▒▒▒▒▒ .....▒
.▒▒▒.▒▒▒▒▒▒▒▒▒▒▒▒▒
.).▒........))...▒▒
.▒.▒▒▒▒▒▒▒▒▒▒▒▒...▒
▒▒<▒▒ ▒...▒ ▒.▒.▒▒
▒...▒ .▒▒▒.▒
▒.m>▒▒▒▒▒▒ ▒.▒.▒▒
▒.o....... ▒▒.▒▒
▒..▒▒▒▒▒▒▒ ..▒▒▒▒▒
▒..▒ ......▒ ▒..▒
..▒▒▒.▒ ▒..▒ .▒▒
▒.▒ ▒..▒ .▒▒ ▒.▒
▒..▒ ..▒ ▒.▒ ▒..▒


You could see an orc warrior.


Message History

The orc warrior misses you.
You completely miss the orc warrior.
The orc warrior is lightly wounded.
The orc warrior misses you.
You completely miss the orc warrior.
The orc warrior is lightly wounded.
The orc warrior hits you with a +0 broad axe!!
* * * LOW HITPOINT WARNING * * *
You punch the orc warrior!
The orc warrior is heavily wounded.
The orc warrior misses you.
You hit the orc warrior.
The orc warrior is heavily wounded.
You hit the orc warrior but do no damage.
The orc warrior is heavily wounded.
The orc warrior closely misses you.
You barely miss the orc warrior.
The orc warrior is heavily wounded.
The orc warrior hits you with a +0 broad axe!
* * * LOW HITPOINT WARNING * * *
You hit the orc warrior but do no damage.
The orc warrior is heavily wounded.
The orc warrior hits you with a +0 broad axe.
* * * LOW HITPOINT WARNING * * *
The orc warrior attacks as you move away!
The orc warrior barely misses you.
You are confused.
You feel invigorated.
The orc warrior hits you with a +0 broad axe!
You die...

Action                   |  1- 3 |  4- 6 |  7- 9 || total
-------------------------+-------+-------+-------++-------
Melee: Unarmed           |   125 |   178 |   189 ||   492
       Punch             |     4 |    12 |    10 ||    26
  Use: Potion            |       |       |     1 ||     1
 Stab: Sleeping          |     8 |     9 |     4 ||    21
Armor: Robe              |    23 |    10 |    19 ||    52
Dodge: Dodged            |    74 |   109 |   117 ||   300

Levels and vault maps discovered:
D:1:      shiori_shiawase, layout_basic, hellmonk_ecumenical_altar_watching_god
D:2:      layout_loops_corners, nicolae_concentric_dashed_squares_mild,
          kennysheep_pointless_box, minmay_tetromino_i4
D:3:      minmay_general_purpose_star, layout_basic,
          mainiacjoe_overflow_concentric_impassable
D:4:      layout_loops_ring, kennysheep_mini_moat, kennysheep_slug_shrine,
          kennysheep_decorative_pillar, nicolae_shop_fire_sale
          [nicolae_sub_dead_trees], nicolae_hexahallways
D:5:      layout_loops_cross, old_standard_altar,
          minmay_temple_entry_enclosed_plants, grunt_decor_cap
D:6:      layout_loops_ring, uniq_eustachio, uniq_duvessa
Temple:   hellmonk_temple_forest_ring

Notes
Turn   | Place    | Note
-------+----------+-------------------------------------------
     0 | D:1      | sanka the Merfolk Monk began the quest for the Orb.
     0 | D:1      | Reached XP level 1. HP: 18/18 MP: 1/1
    17 | D:1      | Noticed a golden eye
   243 | D:1      | Found a faded altar of an unknown god.
   243 | D:1      | Noticed a floating eye
   384 | D:1      | Reached XP level 2. HP: 24/24 MP: 2/2
   509 | D:1      | Reached skill level 4 in Unarmed Combat
   769 | D:1      | Reached XP level 3. HP: 28/29 MP: 3/3
   781 | D:1      | Noticed a golden eye
   781 | D:1      | Noticed a floating eye
  1455 | D:2      | Reached skill level 5 in Unarmed Combat
  1910 | D:2      | Reached XP level 4. HP: 32/35 MP: 4/4
  2663 | D:3      | HP: 3/35 [poisoned by a goblin]
  3460 | D:3      | Found a blossoming altar of Fedhas.
  3480 | D:3      | Reached skill level 6 in Unarmed Combat
  3918 | D:4      | Reached XP level 5. HP: 41/41 MP: 5/5
  4063 | D:4      | Reached skill level 7 in Unarmed Combat
  4063 | D:4      | Reached XP level 6. HP: 38/47 MP: 6/6
  4544 | D:4      | Found Kaahedy's Fire Supplies.
  4914 | D:5      | Entered Level 5 of the Dungeon
  5162 | D:4      | Reached skill level 8 in Unarmed Combat
  5247 | D:4      | Found a snail-covered altar of Cheibriados.
  5620 | D:4      | Found a white marble altar of Elyvilon.
  5673 | D:5      | Reached XP level 7. HP: 13/52 MP: 7/7
  5680 | D:5      | HP: 5/52 [poisoned by a scorpion]
  6005 | D:5      | Reached skill level 9 in Unarmed Combat
  6189 | D:5      | Found a radiant altar of Vehumet.
  6658 | D:5      | Reached skill level 10 in Unarmed Combat
  6684 | D:5      | Found a staircase to the Ecumenical Temple.
  6761 | D:5      | Reached XP level 8. HP: 47/60 MP: 8/8
  6825 | Temple   | Entered the Ecumenical Temple
  7011 | D:5      | Identified the +6 trident of the Ship {holy, Fly rElec}
  7167 | D:6      | Reached skill level 4 in Fighting
  7167 | D:6      | Reached skill level 5 in Dodging
  7378 | D:6      | Noticed Eustachio
  7390 | D:6      | Killed Eustachio
  7412 | D:6      | Reached skill level 6 in Dodging
  7582 | D:6      | Reached skill level 5 in Fighting
  8094 | D:6      | Slain by an orc warrior

Vanquished Creatures
  Eustachio (D:6)
  A water moccasin (D:6)
  A black bear (D:6)
  A sky beast (D:6)
  3 phantoms (D:5)
  A bullfrog (D:6)
  A gnoll sergeant (D:6)
  2 necrophages (D:4)
  2 scorpions
  5 hounds
  A jelly (D:5)
  3 orc priests
  2 orc wizards
  8 gnolls
  6 adders
  A shadow imp (D:5)
  A white imp (D:6)
  An ufetubus (D:6)
  4 worms
  3 dart slugs
  15 orcs
  6 bats
  11 endoplasms
  4 giant cockroaches
  6 goblins
  10 hobgoblins
  7 jackals
  5 quokkas
  8 ball pythons
  4 frilled lizards (D:2)
  9 kobolds
  6 rats
139 creatures vanquished.
